 Dungeon Crawl Stone Soup version 0.30.1-11-g7821555f0a (webtiles) character file.

Game seed: 15053428844685737978

1592 lonewolfV2 the Fighter (level 8, 0/83 HPs)
             Began as a Minotaur Fighter on Nov 10, 2023.
             Succumbed to a killer bee's poison
             ... on level 7 of the Dungeon.
             The game lasted 00:09:40 (5861 turns).

lonewolfV2 the Fighter (Minotaur Fighter)           Turns: 5861, Time: 00:09:41

Health: 0/83       AC: 14    Str: 21    XL:     8   Next: 61%
Magic:  7/7        EV:  7    Int: 14    God:
Gold:   310        SH:  5    Dex: 12    Spells: 7/7 levels left

rFire   + . .        q - +4 whip "Dokk" {pain, Int+3 Stlth+}
rCold   + + .        c - +1 buckler
rNeg    . . .        g - +2 plate armour
rPois   +            (helmet restricted)
rElec   +            (no cloak)
rCorr   +            (no gloves)
SInv    .            j - +0 pair of boots
Will    .....        (no amulet) Stlth
                     n - +6 ring of intelligence
HPRegen 0.33/turn    m - ring of protection from cold
MPRegen 0.10/turn

%: no passive effects
@: mighty, lethally poisoned (0 -> -15), resistant
A: horns 2, retaliatory headbutt
a: no special abilities


You were on level 7 of the Dungeon.
You visited 2 branches of the dungeon, and saw 8 of its levels.
You also visited: Sewer.

You collected 310 gold pieces.

Inventory:

Hand Weapons
 a - a +4 heavy war axe
 q - the +4 whip "Dokk" (weapon) {pain, Int+3 Stlth+}
   (You found it on level 3 of the Dungeon)

   Int:       It affects your intelligence (+3).
   Stlth:     It makes you more stealthy.
Armour
 c - a +1 buckler (worn)
 g - a +2 plate armour (worn)
 j - a +0 pair of boots (worn)
Jewellery
 m - a ring of protection from cold (right hand)
 n - a +6 ring of intelligence (left hand)
 u - a ring of poison resistance
Wands
 p - a wand of digging (9)
Scrolls
 e - 3 scrolls of amnesia
 f - 3 scrolls of teleportation
 h - a scroll of fog
 t - a scroll of fear
 w - 2 scrolls of magic mapping
Potions
 d - a potion of might
 i - 4 potions of flight
 k - 4 potions of magic
 l - a potion of invisibility


   Skills:
 - Level 12.0 Fighting
 - Level 2.4 Axes
 - Level 3.6 Armour
 * Level 5.2 Dodging
 - Level 3.6 Shields


You had 7 spell levels left.
You didn't know any spells.
Your spell library contained the following spells:

 Spells                   Type           Power      Damage    Failure   Level
 Magic Dart               Conj           0%         1d3       100%        1
 Slow                     Hex            0%         N/A       100%        1
 Blink                    Tloc           0%         N/A       100%        2
 Scorch                   Fire           0%         2d5       100%        2
 Searing Ray              Conj           0%         2d4       100%        2
 Confusing Touch          Hex            0%         N/A       100%        3
 Hailstorm                Conj/Ice       0%         3d3       100%        3
 Vampiric Draining        Necr           0%         2d6       100%        3
 Anguish                  Hex/Necr       0%         N/A       100%        4
 Cause Fear               Hex            0%         N/A       100%        4
 Flame Wave               Conj/Fire      0%         2d4       100%        4
 Fulminant Prism          Conj/Hex       0%         3d5       100%        4
 Ice Form                 Ice/Tmut       0%         N/A       100%        4
 Manifold Assault         Tloc           0%         N/A       100%        4
 Simulacrum               Ice/Necr       0%         N/A       100%        6
 Summon Cactus Giant      Summ           0%         N/A       100%        6
 Enfeeble                 Hex            0%         N/A       100%        7
 Storm Form               Tmut/Air       0%         N/A       100%        7


Dungeon Overview and Level Annotations

Branches:
Dungeon (7/15)             Temple (1/1) D:6           Sewer (visited)

Altars:
Ashenzari
Cheibriados
Dithmenos
Elyvilon
Gozag
Hepliaklqana
Kikubaaqudgha
Makhleb
Okawaru
Qazlal
Ru
Vehumet
Wu Jian
Xom
Yredelemnul
Zin
The Shining One

Shops:
D:2 :   D:6 *


Innate Abilities, Weirdness & Mutations

You have a pair of horns on your head.
You reflexively headbutt those who attack you in melee.


Message History

The killer bee stings you but does no damage. x2
The killer bee stings you.
* * * LOW HITPOINT WARNING * * *
You are poisoned.
The killer bee poisons you! The killer bee stings you.
* * * LOW HITPOINT WARNING * * *
You whack the killer bee!
You kill the killer bee!
You feel sick.
The killer bee stings you but does no damage.
The killer bee barely misses you. You furiously retaliate!
You headbutt the killer bee. You whack the orc! You headbutt the orc.
You kill the orc!
You feel sick.
The killer bee stings you but does no damage.
An orc priest comes into view. It is wielding a +0 dagger.
An orc wizard comes into view. It is wielding a +0 dagger.
The killer bee stings you but does no damage.
You feel sick.
The orc wizard shouts!
The orc priest shouts!
The killer bee stings you but does no damage.
The orc wizard gestures wildly while chanting.
The orc wizard flickers and vanishes!
Deactivating autopickup; reactivate with Ctrl-A.
The killer bee stings you.
* * * LOW HITPOINT WARNING * * *
You are lethally poisoned!
The killer bee poisons you!
You see here a killer bee corpse.
You hit the killer bee.
The killer bee is heavily wounded.
* * * LOW HITPOINT WARNING * * *
You feel sick. The killer bee stings you.
* * * LOW HITPOINT WARNING * * *
You are more poisoned.
The killer bee poisons you! You block the killer bee's attack.
It was a potion of resistance.
You feel protected.
You die...

.......#...#####.#..##
.....#.....##......##
#...##......#).#.###
######..##..<)...#
#####[...##.)....##
..##..##.....#....#
#........#........#
##...######.#.#...#
#....## #.#...@y##
....[.# #.###..o.#
......... #.# #....#
#........# #......#
#........# .....##{#
#..#.#...# .#..... ..o
............ ......#
... .#.#.##.. #
.)#$...# ... # ...#
##......# .##


You could see a killer bee, an orc priest and an orc.

Vanquished Creatures
  Eustachio (D:6)
  Pargi (Sewer)
  An orc warrior (D:7)
  2 sky beasts
  A centaur (D:6)
  3 phantoms
  2 bullfrogs (D:6)
  4 killer bees (D:7)
  A hound (D:4)
  2 orc priests
  3 sleepcaps
  3 iguanas
  An orc wizard (D:6)
  4 gnolls (D:5)
  8 adders
  A white imp (D:6)
  A worm (D:3)
  3 dart slugs
  16 orcs
  6 endoplasms
  6 giant cockroaches
  2 goblins (D:4)
  8 hobgoblins
  3 jackals (D:1)
  6 quokkas
  10 ball pythons
  6 bats
  8 frilled lizards
  5 kobolds
  3 rats
121 creatures vanquished.

Vanquished Creatures (others)
  A human (D:4)
1 creature vanquished.

Grand Total: 122 creatures vanquished

Notes
Turn   | Place    | Note
-------+----------+-------------------------------------------
     0 | D:1      | lonewolfV2 the Minotaur Fighter began the quest for the
                  | Orb.
     0 | D:1      | Reached XP level 1. HP: 19/19 MP: 0/0
    52 | D:1      | Reached skill level 4 in Fighting
    92 | D:1      | Reached XP level 2. HP: 21/28 MP: 1/1
   292 | D:1      | Reached skill level 5 in Fighting
   452 | D:1      | Reached XP level 3. HP: 27/36 MP: 2/2
   540 | D:1      | Found a faded altar of an unknown god.
  1425 | D:2      | Found Pubril's Book Shop.
  1457 | D:2      | Identified the +0 spear "Mefaph" {venom, MP+9}
  2086 | D:3      | Reached skill level 6 in Fighting
  2086 | D:3      | Reached XP level 4. HP: 44/44 MP: 3/3
  2238 | D:3      | Identified the +2 leather armour "Uvonof" {Dex+2}
  2282 | D:3      | Found a white marble altar of Elyvilon.
  2295 | D:3      | Identified the +4 whip "Dokk" {pain, Int+3 Stlth+}
  2749 | D:4      | Found an iron altar of Okawaru.
  2815 | D:4      | Reached XP level 5. HP: 32/51 MP: 4/4
  2821 | D:4      | Reached skill level 7 in Fighting
  3103 | D:4      | Reached skill level 8 in Fighting
  3151 | D:4      | Reached XP level 6. HP: 61/61 MP: 5/5
  3151 | D:4      | Found a glowing drain.
  3160 | Sewer    | Entered a sewer
  3191 | Sewer    | Noticed Pargi
  3213 | Sewer    | Killed Pargi
  3473 | D:4      | Found a radiant altar of Vehumet.
  3606 | D:4      | Found an ancient bone altar of Kikubaaqudgha.
  3609 | D:4      | Noticed a human
  3610 | D:4      | Killed a human
  3650 | D:5      | Entered Level 5 of the Dungeon
  3659 | D:5      | Reached skill level 9 in Fighting
  3906 | D:6      | Reached XP level 7. HP: 71/71 MP: 6/6
  3955 | D:6      | Noticed Eustachio
  3997 | D:6      | Killed Eustachio
  3998 | D:6      | Reached skill level 10 in Fighting
  4203 | D:6      | Reached skill level 11 in Fighting
  4333 | D:6      | Found Guneg's Neck Hole.
  4381 | D:6      | Reached XP level 8. HP: 69/83 MP: 7/7
  4442 | D:6      | HP: 4/83 [poisoned by an orc wizard]
  4443 | D:6      | Reached skill level 12 in Fighting
  5372 | D:6      | Found an ornate altar of the Wu Jian Council.
  5477 | D:6      | Found a staircase to the Ecumenical Temple.
  5493 | Temple   | Entered the Ecumenical Temple
  5855 | D:7      | Reached skill level 5 in Dodging
  5860 | D:7      | HP: 4/83 [killer bee (1)]
  5861 | D:7      | Succumbed to a killer bee's poison

Illustrated notes

Levels and vault maps discovered:
D:1:      minmay_arrival_wavy_path, layout_basic,
          shapermc_ecumenical_altar_hornbeckon, minivault_14,
          corexii_leaking_fountain
D:2:      layout_basic, serial_shops, shop
D:3:      layout_basic, elyvilon_altar_4
D:4:      nicolae_cairo_tiling_large_dashed, layout_rooms, okawaru_trees_2,
          tgw_kikubaaqudgha, mainiacjoe_overflow_concentric_impassable,
          portal_sewer_entry_d
D:5:      layout_basic, fedhas_altar_2, nicolae_shop_overcharged_wands
D:6:      layout_cave_pools, nzn_wu_jian_contemplation,
          minmay_temple_entry_nine_rooms, nicolae_shop_sticking_my_neck_out,
          uniq_eustachio
D:7:      layout_rooms, serial_shops, shop, uniq_joseph
Temple:   chequers_temple_sunken

Skill      XL: |  1  2  3  4  5  6  7  8 |
---------------+-------------------------+-----
Fighting       | 4 5 6 8 9 11 12 | 12.0
Dodging        | 5 |  5.2
Axes           | |  2.4
Armour         | |  3.6
Shields        | |  3.6

Action                     |  1- 3 |  4- 6 |  7- 9 || total
---------------------------+-------+-------+-------++-------
  Melee: War axe           |    79 |    20 |       ||    99
         Headbutt          |    10 |    20 |    29 ||    59
         Whip              |       |   102 |   126 ||   228
    Use: Scroll            |     8 |     7 |     3 ||    18
         Potion            |       |     6 |     6 ||    12
   Stab: Invisible         |       |       |     1 ||     1
 Armour: Scale mail        |    45 |    55 |    59 ||   159
         Plate armour      |       |       |    61 ||    61
  Dodge: Dodged            |    58 |    68 |    86 ||   212
  Block: Buckler           |    27 |    47 |    60 ||   134
